General information
- name: BNet
- type: Ladder team game (AT/RT)
- host: Battle.net
- saver: whos.the.ling
map: Deadlock
- players: 8
- length: 119:35
- speed: Fast
- version: 1.26 W3XP
- replay type: Public
» download(509 KB)
Players
team 1 (loser)
hongmylaoto (
teal | 38 APM | 3023 actions | 80:07)
7 Keeper of the Grove
1 Force of Nature
3 Entangling Roots
2 Thorns Aura
1 Tranquility
6 Priestess of the Moon
3 Scout
1 Trueshot Aura
1 Searing Arrows
1 Starfall
» actions
| Assign group hotkey | 35 | |
| Basic commands | 3 | |
| Build / train | 138 | |
| Enter build submenu | 45 | |
| Enter hero's abilities submenu | 15 | |
| Give item / drop item | 9 | |
| Remove unit from queue | 8 | |
| Right click | 1585 | |
| Select / deselect | 964 | |
| Select group hotkey | 64 | |
| Use ability | 157 | |
3023 total
» units
| Wisp | 53 | |
| Huntress | 4 | |
| Chimaera | 21 | |
| Hippogryph | 14 | |
| Razormane Medicine Man | 1 | |
93 total
» upgrades
| Strength of the Wild | 3 | |
| Sentinel | 1 | |
| Corrosive Breath | 1 | |
| Well Spring | 1 | |
| Reinforced Hides | 3 | |
| Nature's Blessing | 1 | |
| Ultravision | 1 | |
11 total
» buildings
| Moon Well | 6 | |
| Altar of Elders | 1 | |
| Hunter's Hall | 1 | |
| Ancient of War | 1 | |
| Ancient Protector | 19 | |
| Tree of Ages | 1 | |
| Tree of Life | 3 | |
| Tree of Eternity | 1 | |
| Ancient of Wind | 3 | |
| Chimaera Roost | 5 | |
| Ancient of Wonders | 1 | |
42 total
» build order
00:23 Moon Well
00:37 Altar of Elders
01:30 Hunter's Hall
01:52 Ancient of War
02:06 Moon Well
02:20 Moon Well
02:39 Ancient Protector
04:00 Tree of Ages
05:42 Tree of Life
05:46 Ancient Protector
06:23 Tree of Eternity
07:32 Ancient Protector
07:35 Ancient Protector
07:55 Ancient of Wind
09:11 Chimaera Roost
09:12 Chimaera Roost
09:16 Chimaera Roost
09:18 Chimaera Roost
09:35 Chimaera Roost
10:36 Moon Well
11:35 Ancient of Wind
12:00 Ancient of Wind
12:12 Moon Well
14:33 Moon Well
15:42 Ancient Protector
15:45 Ancient Protector
15:52 Ancient Protector
17:18 Tree of Life
18:54 Ancient Protector
18:56 Ancient Protector
19:02 Ancient Protector
20:44 Ancient Protector
21:52 Ancient Protector
21:59 Ancient of Wonders
22:03 Ancient Protector
29:14 Tree of Life
29:19 Ancient Protector
29:21 Ancient Protector
29:24 Ancient Protector
29:26 Ancient Protector
29:28 Ancient Protector
29:31 Ancient Protector
» items
| Scroll of Town Portal | 5 | |
| Staff of Teleportation | 3 | |
| Potion of Lesser Invulnerability | 1 | |
9 total
bhudasak (
yellow | 23 APM | 2038 actions | 87:30)
4 Far Seer
2 Feral Spirit
2 Chain Lighting
4 Shadow Hunter
2 Healing Wave
2 Hex
» actions
| Assign group hotkey | 33 | |
| Basic commands | 69 | |
| Build / train | 116 | |
| Enter build submenu | 46 | |
| Enter hero's abilities submenu | 8 | |
| Give item / drop item | 1 | |
| Remove unit from queue | 13 | |
| Right click | 800 | |
| Select / deselect | 718 | |
| Select group hotkey | 62 | |
| Use ability | 172 | |
2038 total
» units
| Peon | 11 | |
| Grunt | 4 | |
| Tauren | 10 | |
| Shaman | 3 | |
| Troll Witch Doctor | 8 | |
| Demolisher | 15 | |
| Troll Batrider | 11 | |
62 total
» upgrades
| Armor | 1 | |
| Melee Weapons | 3 | |
| Shaman Training | 2 | |
| Witch Doctor Training | 3 | |
| Pulverize | 1 | |
| Pillage | 1 | |
| Berserker Strength | 1 | |
| Reinforced Defenses | 1 | |
| Burning Oil | 1 | |
| Spiked Barricades | 1 | |
| Ranged Weapons | 3 | |
18 total
» buildings
| Orc Burrow | 9 | |
| Altar of Storms | 1 | |
| Barracks | 1 | |
| Voodoo Lounge | 2 | |
| War Mill | 1 | |
| Watch Tower | 19 | |
| Stronghold | 2 | |
| Great Hall | 3 | |
| Fortress | 2 | |
| Spirit Lodge | 1 | |
| Tauren Totem | 2 | |
| Beastiary | 1 | |
44 total
» build order
00:15 Orc Burrow
00:20 Altar of Storms
00:50 Barracks
01:30 Orc Burrow
01:56 Voodoo Lounge
02:01 Voodoo Lounge
02:30 War Mill
03:57 Watch Tower
04:02 Watch Tower
04:50 Watch Tower
05:01 Orc Burrow
05:10 Orc Burrow
05:25 Stronghold
05:25 Stronghold
05:30 Watch Tower
06:36 Watch Tower
07:43 Orc Burrow
08:00 Great Hall
08:28 Fortress
08:28 Fortress
09:22 Spirit Lodge
11:17 Great Hall
11:52 Tauren Totem
11:56 Tauren Totem
13:47 Orc Burrow
14:20 Watch Tower
16:27 Orc Burrow
18:25 Great Hall
23:10 Watch Tower
23:13 Watch Tower
23:22 Watch Tower
23:28 Watch Tower
24:25 Watch Tower
24:43 Watch Tower
24:53 Watch Tower
25:31 Watch Tower
25:59 Watch Tower
26:01 Orc Burrow
27:35 Watch Tower
28:36 Watch Tower
28:41 Watch Tower
34:19 Watch Tower
34:23 Orc Burrow
38:48 Beastiary
» items
| Lesser Clarity Potion | 4 | |
| Healing Salve | 3 | |
| Circlet of Nobility | 1 | |
| Scroll of Town Portal | 2 | |
| Potion of Mana | 1 | |
11 total
First_Day_Out (
orange | 50 APM | 4421 actions | 87:34)
5 Archmage
3 Blizzard
2 Brilliance Aura
3 Pit Lord
2 Rain of Fire
1 Cleaving Attack
4 Blood Mage
2 Flame Strike
2 Siphon Mana
» actions
| Assign group hotkey | 93 | |
| Basic commands | 119 | |
| Build / train | 172 | |
| ESC pressed | 15 | |
| Enter build submenu | 71 | |
| Enter hero's abilities submenu | 12 | |
| Give item / drop item | 5 | |
| Remove unit from queue | 2 | |
| Right click | 1681 | |
| Select / deselect | 712 | |
| Select group hotkey | 1047 | |
| Use ability | 492 | |
4421 total
» units
| Peasant | 61 | |
| Gryphon Rider | 4 | |
| Flying Machine | 3 | |
68 total
» upgrades
| Masonry | 3 | |
| Lumber Harvesting | 2 | |
| Gunpowder | 3 | |
| Plating | 3 | |
| Flak Cannons | 1 | |
| Magic Sentry | 1 | |
| Animal War Training | 1 | |
| Storm Hammers | 1 | |
| Armor | 3 | |
| Swords | 3 | |
| Fragmentation Shards | 1 | |
| Flare | 1 | |
| Barrage | 0 | |
| Cloud | 1 | |
| Strength of the Moon | 1 | |
| Moon Armor | 1 | |
26 total
» buildings
| Altar of Kings | 1 | |
| Farm | 16 | |
| Scout Tower | 139 | |
| Lumber Mill | 9 | |
| Arcane Tower | 2 | |
| Guard Tower | 40 | |
| Town Hall | 6 | |
| Keep | 1 | |
| Castle | 1 | |
| Blacksmith | 1 | |
| Workshop | 4 | |
| Arcane Sanctum | 1 | |
| Barracks | 1 | |
| Gryphon Aviary | 12 | |
| Arcane Vault | 2 | |
236 total
» build order
00:07 Altar of Kings
00:10 Farm
00:39 Farm
00:43 Scout Tower
00:50 Lumber Mill
01:40 Arcane Tower
01:46 Farm
02:07 Scout Tower
02:12 Scout Tower
02:31 Farm
02:40 Scout Tower
02:45 Guard Tower
03:16 Guard Tower
04:11 Town Hall
04:14 Scout Tower
04:16 Scout Tower
04:18 Scout Tower
04:19 Scout Tower
04:37 Scout Tower
04:38 Scout Tower
04:45 Arcane Tower
04:49 Guard Tower
05:14 Guard Tower
05:37 Guard Tower
05:45 Scout Tower
05:51 Scout Tower
05:59 Scout Tower
06:01 Scout Tower
06:15 Keep
06:19 Scout Tower
07:04 Guard Tower
07:23 Scout Tower
07:23 Scout Tower
07:25 Scout Tower
07:26 Scout Tower
07:26 Scout Tower
08:29 Guard Tower
08:29 Guard Tower
08:47 Castle
08:48 Guard Tower
09:04 Blacksmith
09:09 Farm
09:10 Farm
09:12 Farm
09:14 Farm
11:24 Workshop
11:24 Workshop
11:25 Workshop
11:26 Workshop
11:29 Farm
11:29 Farm
11:30 Farm
11:30 Farm
11:30 Farm
12:02 Arcane Sanctum
12:10 Barracks
14:16 Gryphon Aviary
14:18 Gryphon Aviary
14:21 Gryphon Aviary
14:22 Gryphon Aviary
16:17 Town Hall
16:20 Scout Tower
16:20 Scout Tower
16:21 Scout Tower
16:21 Scout Tower
16:22 Scout Tower
16:22 Scout Tower
16:22 Scout Tower
16:23 Scout Tower
16:23 Scout Tower
16:23 Scout Tower
16:24 Scout Tower
16:24 Scout Tower
16:26 Scout Tower
16:26 Scout Tower
16:26 Scout Tower
16:27 Scout Tower
16:27 Scout Tower
16:28 Scout Tower
16:29 Scout Tower
16:29 Scout Tower
16:29 Scout Tower
16:52 Arcane Vault
16:58 Guard Tower
18:44 Scout Tower
18:45 Scout Tower
18:45 Scout Tower
18:46 Scout Tower
18:47 Scout Tower
18:47 Scout Tower
18:48 Scout Tower
18:48 Scout Tower
18:48 Scout Tower
18:49 Scout Tower
18:49 Scout Tower
18:50 Scout Tower
18:50 Scout Tower
18:51 Scout Tower
19:21 Guard Tower
20:21 Farm
20:22 Farm
20:23 Farm
20:25 Guard Tower
20:49 Town Hall
22:19 Town Hall
22:22 Town Hall
22:26 Town Hall
26:37 Arcane Vault
27:53 Lumber Mill
27:55 Lumber Mill
29:13 Gryphon Aviary
29:16 Gryphon Aviary
34:38 Lumber Mill
38:15 Gryphon Aviary
38:18 Gryphon Aviary
40:21 Gryphon Aviary
40:23 Gryphon Aviary
41:23 Lumber Mill
41:31 Lumber Mill
43:56 Scout Tower
43:57 Scout Tower
43:57 Scout Tower
43:58 Scout Tower
43:59 Scout Tower
44:00 Scout Tower
44:00 Scout Tower
44:01 Scout Tower
44:02 Scout Tower
44:03 Scout Tower
44:04 Scout Tower
44:05 Scout Tower
44:06 Scout Tower
44:07 Scout Tower
44:07 Scout Tower
44:08 Scout Tower
44:09 Scout Tower
44:29 Guard Tower
44:32 Guard Tower
44:34 Guard Tower
44:34 Guard Tower
44:59 Guard Tower
45:00 Guard Tower
45:00 Guard Tower
45:05 Guard Tower
45:05 Guard Tower
45:09 Guard Tower
45:30 Guard Tower
45:35 Guard Tower
45:47 Gryphon Aviary
45:49 Gryphon Aviary
45:57 Scout Tower
45:57 Scout Tower
45:59 Scout Tower
45:59 Scout Tower
46:00 Scout Tower
46:01 Scout Tower
46:02 Scout Tower
46:02 Scout Tower
46:03 Scout Tower
46:42 Guard Tower
46:45 Scout Tower
46:46 Scout Tower
46:46 Scout Tower
46:47 Scout Tower
46:48 Scout Tower
46:48 Scout Tower
46:54 Scout Tower
46:55 Scout Tower
46:55 Scout Tower
46:56 Scout Tower
46:56 Scout Tower
46:57 Scout Tower
46:58 Scout Tower
46:58 Scout Tower
47:00 Scout Tower
47:25 Guard Tower
47:30 Scout Tower
47:30 Scout Tower
47:32 Scout Tower
47:32 Scout Tower
47:33 Scout Tower
47:34 Scout Tower
47:34 Scout Tower
47:35 Scout Tower
47:36 Scout Tower
47:39 Guard Tower
48:29 Guard Tower
48:32 Guard Tower
48:33 Guard Tower
48:37 Guard Tower
48:42 Scout Tower
48:42 Scout Tower
48:43 Scout Tower
48:43 Scout Tower
48:44 Scout Tower
48:44 Scout Tower
48:45 Scout Tower
48:46 Scout Tower
48:54 Scout Tower
48:55 Scout Tower
48:56 Scout Tower
48:56 Scout Tower
48:56 Scout Tower
48:57 Scout Tower
48:58 Scout Tower
48:59 Scout Tower
48:59 Scout Tower
49:02 Scout Tower
49:03 Scout Tower
49:04 Scout Tower
49:05 Scout Tower
49:06 Scout Tower
49:07 Scout Tower
49:07 Scout Tower
49:08 Scout Tower
49:14 Scout Tower
49:15 Scout Tower
49:15 Scout Tower
49:16 Scout Tower
49:22 Guard Tower
49:30 Guard Tower
49:43 Guard Tower
49:46 Guard Tower
50:39 Guard Tower
50:43 Scout Tower
50:44 Scout Tower
50:44 Scout Tower
50:45 Scout Tower
50:47 Scout Tower
51:00 Lumber Mill
51:03 Guard Tower
51:24 Guard Tower
52:28 Lumber Mill
54:55 Lumber Mill
» items
| Boots of Speed | 3 | |
| Staff of Teleportation | 3 | |
| Orb of Lightning | 3 | |
| Healing Salve | 1 | |
| Tiny Great Hall | 2 | |
| Staff of Sanctuary | 3 | |
| Scroll of Town Portal | 1 | |
| Circlet of Nobility | 1 | |
17 total

»
Lordsonny (
pink | 24 APM | 2918 actions | 119:33)
6 Priestess of the Moon
2 Scout
3 Trueshot Aura
1 Starfall
3 Archmage
1 Mass Teleport
2 Summon Water Elemental
» actions
| Basic commands | 64 | |
| Build / train | 143 | |
| Enter build submenu | 36 | |
| Enter hero's abilities submenu | 9 | |
| Give item / drop item | 5 | |
| Remove unit from queue | 7 | |
| Right click | 1650 | |
| Select / deselect | 874 | |
| Use ability | 130 | |
2918 total
» units
| Wisp | 32 | |
| Archer | 12 | |
| Hippogryph | 16 | |
| Glaive Thrower | 4 | |
| Mortar Team | 11 | |
| Dragonhawk Rider | 3 | |
| Peasant | 2 | |
| Flying Machine | 9 | |
| Siege Engine | 7 | |
96 total
» upgrades
| Strength of the Moon | 1 | |
| Moon Armor | 1 | |
| Improved Bows | 1 | |
| Hippogryph Taming | 1 | |
| Strength of the Wild | 2 | |
| Reinforced Hides | 1 | |
| Ultravision | 2 | |
| Vorpal Blades | 1 | |
| Barrage | 1 | |
11 total
» buildings
| Moon Well | 8 | |
| Altar of Elders | 2 | |
| Ancient of War | 4 | |
| Tree of Ages | 2 | |
| Hunter's Hall | 2 | |
| Ancient of Wind | 2 | |
| Tree of Eternity | 1 | |
| Tree of Life | 1 | |
| Ancient of Wonders | 1 | |
| Town Hall | 1 | |
| Farm | 10 | |
| Altar of Kings | 1 | |
| Keep | 1 | |
| Castle | 1 | |
37 total
» build order
00:50 Moon Well
01:04 Altar of Elders
01:19 Ancient of War
01:25 Ancient of War
02:00 Moon Well
03:00 Moon Well
04:09 Tree of Ages
05:34 Hunter's Hall
06:38 Ancient of Wind
06:40 Ancient of Wind
08:50 Moon Well
09:02 Moon Well
16:49 Tree of Eternity
23:37 Tree of Life
30:33 Moon Well
33:12 Moon Well
33:18 Moon Well
33:43 Hunter's Hall
34:28 Ancient of Wonders
34:32 Altar of Elders
36:20 Tree of Ages
38:05 Ancient of War
38:07 Ancient of War
89:39 Town Hall
92:41 Farm
93:20 Farm
94:09 Altar of Kings
94:24 Farm
94:40 Farm
95:18 Farm
95:20 Farm
95:24 Farm
96:41 Keep
97:40 Farm
97:46 Farm
97:48 Farm
105:37 Castle
» items
| Scroll of Town Portal | 3 | |
| Tiny Great Hall | 2 | |
| Orb of Fire | 1 | |
| Potion of Healing | 2 | |
| Potion of Mana | 1 | |
| Boots of Speed | 1 | |
| Periapt of Vitality | 1 | |
| Circlet of Nobility | 1 | |
| Potion of Lesser Invulnerability | 1 | |
13 total
team 2 (winner)
Jewcirclejerk (
blue | 13 APM | 1555 actions | 119:34)
6 Death Knight
3 Death Coil
2 Unholy Aura
1 Animate Dead
2 Blood Mage
1 Flame Strike
1 Banish
» actions
| Assign group hotkey | 23 | |
| Basic commands | 39 | |
| Build / train | 46 | |
| Enter build submenu | 16 | |
| Enter hero's abilities submenu | 8 | |
| Remove unit from queue | 1 | |
| Right click | 814 | |
| Select / deselect | 394 | |
| Select group hotkey | 126 | |
| Use ability | 88 | |
1555 total
» units
| Acolyte | 2 | |
| Ghoul | 4 | |
| Crypt Fiend | 11 | |
| Obsidian Statue | 4 | |
| Gargoyle | 4 | |
25 total
» upgrades
| Creature Attack | 3 | |
| Creature Carapace | 3 | |
| Web | 1 | |
| Destroyer Form | 1 | |
8 total
» buildings
| Altar of Darkness | 1 | |
| Ziggurat | 8 | |
| Crypt | 2 | |
| Graveyard | 1 | |
| Halls of the Dead | 1 | |
| Slaughterhouse | 1 | |
| Tomb of Relics | 1 | |
| Black Citadel | 1 | |
16 total
» build order
00:18 Altar of Darkness
00:21 Ziggurat
00:35 Crypt
00:57 Crypt
01:20 Graveyard
01:51 Ziggurat
02:42 Ziggurat
04:35 Halls of the Dead
05:06 Ziggurat
06:23 Ziggurat
06:31 Ziggurat
07:06 Slaughterhouse
08:18 Tomb of Relics
08:21 Black Citadel
11:18 Ziggurat
13:56 Ziggurat
» items
Huge.Testicles (
green | 18 APM | 835 actions | 46:58)
3 Blademaster
1 Wind Walk
2 Critical Strike
» actions
| Build / train | 27 | |
| Enter build submenu | 6 | |
| Enter hero's abilities submenu | 3 | |
| Right click | 503 | |
| Select / deselect | 236 | |
| Use ability | 60 | |
835 total
» units
» buildings
| Orc Burrow | 2 | |
| Altar of Storms | 1 | |
| Voodoo Lounge | 1 | |
4 total
» build order
00:06 Orc Burrow
00:09 Altar of Storms
00:15 Voodoo Lounge
07:32 Orc Burrow
» items
| Healing Salve | 2 | |
| Lesser Clarity Potion | 4 | |
| Scroll of Speed | 1 | |
7 total
whos.the.ling (
red | 51 APM | 6130 actions | 119:35)
10 Mountain King
3 Storm Bolt
3 Bash
1 Avatar
3 Thunder Clap
6 Blood Mage
2 Flame Strike
2 Banish
1 Siphon Mana
1 Summon Phoenix
1 Archmage
1 Blizzard
» actions
| Assign group hotkey | 75 | |
| Basic commands | 80 | |
| Build / train | 258 | |
| Enter build submenu | 114 | |
| Enter hero's abilities submenu | 18 | |
| Give item / drop item | 15 | |
| Remove unit from queue | 1 | |
| Right click | 2531 | |
| Select / deselect | 1113 | |
| Select group hotkey | 1077 | |
| Use ability | 848 | |
6130 total
» units
| Peasant | 43 | |
| Dragonhawk Rider | 12 | |
| Gryphon Rider | 15 | |
| Sorceress | 4 | |
74 total
» upgrades
| Masonry | 3 | |
| Lumber Harvesting | 2 | |
| Magic Sentry | 1 | |
| Swords | 3 | |
| Armor | 3 | |
| Animal War Training | 1 | |
| Storm Hammers | 1 | |
| Cloud | 1 | |
| Sorceress Training | 2 | |
17 total
» buildings
| Altar of Kings | 3 | |
| Farm | 21 | |
| Lumber Mill | 6 | |
| Arcane Vault | 3 | |
| Town Hall | 4 | |
| Scout Tower | 300 | |
| Arcane Tower | 2 | |
| Guard Tower | 102 | |
| Keep | 2 | |
| Castle | 2 | |
| Arcane Sanctum | 2 | |
| Gryphon Aviary | 3 | |
| Blacksmith | 1 | |
| Barracks | 1 | |
452 total
» build order
00:09 Altar of Kings
00:12 Farm
00:44 Lumber Mill
01:49 Farm
01:52 Arcane Vault
02:24 Farm
02:29 Farm
02:34 Farm
04:24 Town Hall
04:27 Scout Tower
04:28 Scout Tower
04:31 Scout Tower
04:32 Scout Tower
04:36 Scout Tower
06:15 Town Hall
06:20 Scout Tower
06:21 Scout Tower
06:22 Scout Tower
06:23 Scout Tower
06:25 Scout Tower
06:34 Arcane Tower
06:35 Guard Tower
06:39 Scout Tower
06:40 Scout Tower
06:42 Scout Tower
06:50 Arcane Tower
06:51 Guard Tower
06:55 Guard Tower
06:55 Guard Tower
06:55 Guard Tower
06:55 Guard Tower
06:56 Guard Tower
06:57 Guard Tower
06:57 Guard Tower
07:02 Scout Tower
07:04 Scout Tower
07:05 Scout Tower
07:05 Scout Tower
07:06 Scout Tower
07:47 Guard Tower
07:54 Guard Tower
08:23 Guard Tower
08:23 Guard Tower
08:27 Guard Tower
08:28 Guard Tower
08:28 Guard Tower
08:28 Guard Tower
08:30 Guard Tower
08:59 Guard Tower
09:02 Guard Tower
09:25 Guard Tower
09:28 Scout Tower
09:29 Scout Tower
09:29 Scout Tower
09:35 Scout Tower
09:36 Scout Tower
09:37 Scout Tower
09:37 Scout Tower
09:49 Scout Tower
09:49 Scout Tower
09:50 Scout Tower
09:59 Scout Tower
09:59 Scout Tower
10:00 Scout Tower
10:01 Scout Tower
10:39 Keep
10:58 Guard Tower
11:53 Guard Tower
11:57 Guard Tower
13:06 Castle
13:22 Scout Tower
13:22 Scout Tower
13:23 Scout Tower
13:24 Scout Tower
13:25 Scout Tower
13:26 Scout Tower
13:27 Scout Tower
13:27 Scout Tower
13:28 Scout Tower
13:29 Scout Tower
13:31 Scout Tower
13:31 Scout Tower
13:44 Scout Tower
13:45 Scout Tower
13:46 Scout Tower
13:48 Scout Tower
13:50 Scout Tower
13:51 Scout Tower
13:52 Scout Tower
13:53 Scout Tower
13:55 Scout Tower
13:56 Scout Tower
13:57 Guard Tower
14:00 Guard Tower
14:03 Arcane Sanctum
14:09 Guard Tower
14:12 Lumber Mill
14:14 Guard Tower
14:22 Scout Tower
14:23 Scout Tower
14:26 Scout Tower
14:27 Scout Tower
14:28 Scout Tower
14:30 Scout Tower
14:31 Scout Tower
14:32 Scout Tower
14:34 Scout Tower
14:35 Scout Tower
14:37 Guard Tower
14:43 Guard Tower
14:52 Scout Tower
14:52 Scout Tower
14:52 Scout Tower
14:55 Scout Tower
14:56 Scout Tower
14:56 Scout Tower
14:56 Scout Tower
15:00 Guard Tower
15:04 Lumber Mill
15:08 Guard Tower
15:09 Guard Tower
15:10 Guard Tower
15:10 Guard Tower
15:23 Guard Tower
15:23 Guard Tower
15:23 Guard Tower
15:47 Guard Tower
15:48 Guard Tower
15:53 Guard Tower
15:54 Guard Tower
16:28 Town Hall
16:33 Scout Tower
16:33 Scout Tower
16:35 Scout Tower
16:36 Scout Tower
16:37 Scout Tower
16:38 Scout Tower
16:38 Scout Tower
16:39 Scout Tower
16:40 Scout Tower
16:40 Scout Tower
16:41 Scout Tower
16:41 Scout Tower
16:42 Scout Tower
16:43 Scout Tower
16:43 Scout Tower
16:45 Scout Tower
16:45 Scout Tower
16:45 Scout Tower
16:46 Scout Tower
16:48 Scout Tower
16:49 Scout Tower
16:49 Scout Tower
16:52 Scout Tower
16:53 Scout Tower
16:55 Scout Tower
16:56 Scout Tower
17:03 Scout Tower
17:05 Scout Tower
17:05 Scout Tower
17:13 Scout Tower
17:14 Scout Tower
17:15 Scout Tower
17:16 Scout Tower
17:25 Scout Tower
17:25 Scout Tower
17:25 Scout Tower
17:26 Scout Tower
17:26 Scout Tower
17:28 Scout Tower
17:31 Scout Tower
17:31 Scout Tower
17:32 Scout Tower
17:32 Scout Tower
17:34 Scout Tower
17:34 Scout Tower
17:40 Guard Tower
17:46 Guard Tower
17:46 Guard Tower
17:56 Lumber Mill
17:57 Guard Tower
18:22 Guard Tower
18:22 Guard Tower
18:24 Guard Tower
18:24 Guard Tower
18:36 Guard Tower
18:38 Guard Tower
18:40 Guard Tower
18:46 Scout Tower
18:47 Scout Tower
18:47 Scout Tower
18:47 Scout Tower
18:48 Scout Tower
18:48 Scout Tower
18:49 Scout Tower
18:49 Scout Tower
18:49 Scout Tower
18:50 Scout Tower
18:54 Guard Tower
18:56 Scout Tower
18:56 Scout Tower
18:56 Scout Tower
18:57 Scout Tower
18:57 Scout Tower
18:57 Scout Tower
18:58 Scout Tower
18:58 Scout Tower
18:59 Scout Tower
18:59 Scout Tower
19:11 Scout Tower
19:12 Scout Tower
19:12 Scout Tower
19:12 Scout Tower
19:13 Scout Tower
19:13 Scout Tower
19:13 Scout Tower
19:13 Scout Tower
19:15 Scout Tower
19:15 Scout Tower
19:15 Scout Tower
19:15 Scout Tower
19:16 Scout Tower
19:16 Scout Tower
19:36 Guard Tower
19:45 Guard Tower
19:53 Keep
21:02 Scout Tower
21:03 Scout Tower
21:03 Scout Tower
21:03 Scout Tower
21:04 Scout Tower
21:10 Scout Tower
21:10 Scout Tower
21:14 Scout Tower
21:14 Scout Tower
21:14 Scout Tower
21:15 Scout Tower
21:15 Scout Tower
21:20 Guard Tower
21:23 Guard Tower
21:23 Guard Tower
21:23 Guard Tower
21:28 Scout Tower
21:29 Scout Tower
21:29 Scout Tower
21:35 Guard Tower
21:44 Guard Tower
21:52 Guard Tower
21:56 Guard Tower
22:08 Guard Tower
22:12 Guard Tower
22:20 Altar of Kings
22:22 Farm
22:28 Guard Tower
22:30 Scout Tower
22:31 Scout Tower
22:31 Scout Tower
22:34 Scout Tower
22:34 Scout Tower
22:35 Scout Tower
22:40 Scout Tower
22:41 Scout Tower
22:41 Scout Tower
22:41 Scout Tower
22:42 Scout Tower
22:45 Scout Tower
22:45 Scout Tower
22:56 Scout Tower
22:57 Scout Tower
23:08 Guard Tower
23:12 Guard Tower
23:18 Scout Tower
23:18 Scout Tower
23:19 Scout Tower
23:19 Scout Tower
23:20 Scout Tower
23:20 Scout Tower
23:21 Scout Tower
23:21 Scout Tower
23:22 Scout Tower
23:25 Guard Tower
23:27 Guard Tower
23:34 Guard Tower
24:09 Scout Tower
24:10 Scout Tower
24:10 Scout Tower
24:11 Scout Tower
24:12 Scout Tower
24:20 Guard Tower
24:29 Lumber Mill
24:33 Scout Tower
24:40 Guard Tower
24:49 Farm
25:27 Arcane Vault
26:21 Guard Tower
26:25 Farm
26:27 Farm
26:28 Farm
26:28 Farm
26:32 Scout Tower
26:32 Scout Tower
26:32 Scout Tower
26:36 Altar of Kings
26:44 Farm
26:44 Farm
26:50 Farm
26:51 Farm
26:53 Farm
26:53 Farm
26:54 Scout Tower
26:54 Scout Tower
26:54 Scout Tower
26:56 Scout Tower
26:57 Scout Tower
26:57 Scout Tower
26:57 Scout Tower
27:06 Guard Tower
27:07 Scout Tower
27:08 Scout Tower
27:08 Scout Tower
27:17 Guard Tower
27:29 Guard Tower
27:39 Guard Tower
27:46 Scout Tower
27:47 Scout Tower
27:48 Scout Tower
27:48 Scout Tower
27:49 Scout Tower
27:49 Scout Tower
27:49 Scout Tower
27:49 Scout Tower
27:53 Guard Tower
28:00 Scout Tower
28:00 Scout Tower
28:01 Scout Tower
28:01 Scout Tower
28:01 Scout Tower
28:01 Scout Tower
28:12 Scout Tower
28:13 Scout Tower
28:13 Scout Tower
28:14 Scout Tower
28:14 Scout Tower
28:14 Scout Tower
28:16 Scout Tower
28:16 Scout Tower
28:20 Scout Tower
28:23 Scout Tower
28:23 Scout Tower
28:23 Scout Tower
28:24 Scout Tower
28:36 Guard Tower
28:41 Guard Tower
28:44 Scout Tower
28:48 Guard Tower
28:53 Guard Tower
28:59 Guard Tower
29:15 Castle
29:22 Guard Tower
29:26 Guard Tower
29:52 Guard Tower
30:30 Lumber Mill
31:09 Guard Tower
32:38 Gryphon Aviary
32:39 Gryphon Aviary
32:41 Gryphon Aviary
33:29 Guard Tower
33:44 Farm
33:47 Farm
34:41 Blacksmith
34:45 Barracks
34:50 Scout Tower
34:50 Scout Tower
34:50 Scout Tower
34:51 Scout Tower
34:51 Scout Tower
36:05 Guard Tower
36:09 Farm
36:11 Farm
40:20 Guard Tower
42:53 Scout Tower
42:53 Scout Tower
42:53 Scout Tower
42:54 Scout Tower
42:54 Scout Tower
42:55 Scout Tower
43:25 Guard Tower
45:12 Arcane Vault
52:05 Town Hall
52:10 Scout Tower
52:10 Scout Tower
52:11 Scout Tower
52:11 Scout Tower
52:12 Scout Tower
52:12 Scout Tower
52:12 Scout Tower
52:13 Scout Tower
52:13 Scout Tower
52:16 Scout Tower
52:17 Scout Tower
52:17 Scout Tower
52:18 Scout Tower
52:19 Scout Tower
52:19 Scout Tower
52:20 Scout Tower
52:20 Scout Tower
52:21 Scout Tower
52:21 Scout Tower
52:27 Scout Tower
52:27 Scout Tower
52:27 Scout Tower
52:28 Scout Tower
52:28 Scout Tower
52:28 Scout Tower
52:29 Scout Tower
52:29 Scout Tower
52:30 Scout Tower
52:31 Scout Tower
52:31 Scout Tower
52:32 Scout Tower
52:32 Scout Tower
52:33 Scout Tower
52:33 Scout Tower
53:05 Guard Tower
53:18 Guard Tower
53:39 Guard Tower
53:53 Guard Tower
53:59 Guard Tower
64:18 Arcane Sanctum
» items
| Scroll of Regeneration | 5 | |
| Lesser Clarity Potion | 9 | |
| Boots of Speed | 3 | |
| Scroll of Speed | 1 | |
| Potion of Healing | 3 | |
| Potion of Mana | 6 | |
| Scroll of Town Portal | 3 | |
| Staff of Sanctuary | 2 | |
| Scroll of Healing | 4 | |
| Scroll of Protection | 1 | |
37 total
CHARLES_DARWIN (
purple | 52 APM | 2426 actions | 47:01)
8 Demon Hunter
3 Evasion
3 Immolation
1 Metamorphosis
1 Mana Burn
» actions
| Assign group hotkey | 20 | |
| Build / train | 73 | |
| ESC pressed | 1 | |
| Enter build submenu | 21 | |
| Enter hero's abilities submenu | 8 | |
| Right click | 1546 | |
| Select / deselect | 333 | |
| Select group hotkey | 350 | |
| Use ability | 74 | |
2426 total
» units
| Wisp | 16 | |
| Archer | 14 | |
| Hippogryph | 9 | |
| Chimaera | 7 | |
46 total
» upgrades
| Improved Bows | 1 | |
| Reinforced Hides | 1 | |
| Strength of the Wild | 2 | |
| Moon Armor | 1 | |
| Strength of the Moon | 1 | |
| Hippogryph Taming | 1 | |
| Marksmanship | 1 | |
| Corrosive Breath | 1 | |
9 total
» buildings
| Altar of Elders | 1 | |
| Moon Well | 7 | |
| Hunter's Hall | 1 | |
| Ancient of War | 1 | |
| Tree of Ages | 2 | |
| Ancient of Wonders | 1 | |
| Tree of Eternity | 1 | |
| Ancient of Wind | 1 | |
| Chimaera Roost | 3 | |
| Tree of Life | 1 | |
19 total
» build order
00:06 Altar of Elders
00:11 Moon Well
01:20 Hunter's Hall
01:34 Moon Well
02:21 Ancient of War
02:43 Tree of Ages
02:43 Tree of Ages
02:52 Moon Well
03:12 Moon Well
03:18 Ancient of Wonders
04:36 Moon Well
05:04 Tree of Eternity
05:08 Ancient of Wind
05:31 Moon Well
06:09 Moon Well
07:26 Chimaera Roost
07:33 Chimaera Roost
07:35 Chimaera Roost
16:13 Tree of Life
» items
| Orb of Venom | 1 | |
| Anti-magic Potion | 1 | |
| Scroll of Town Portal | 2 | |
| Potion of Lesser Invulnerability | 1 | |
| Boots of Speed | 1 | |
6 total
Chat log
(00:24 / Allies) Huge.Testicles: I'm going to bm harass and feed
(00:26 / Allies) Huge.Testicles: who am I feeding
(00:28 / 8) First_Day_Out: now my ally is afk
(00:32 / 8) First_Day_Out: nmvm
(00:41 / Allies) CHARLES_DARWIN: me i guess
(00:51 / Allies) Huge.Testicles: to go what units?
(00:54 / Allies) CHARLES_DARWIN: chims lol
(01:00 / Allies) CHARLES_DARWIN: hypps
(01:06 / Allies) Huge.Testicles: red, blue, you guys cool with that?
(01:11 / Allies) Jewcirclejerk: idc
(01:17 / Allies) Huge.Testicles: okay
(01:18 / 7) whos.the.ling: what are we doing
(01:26 / Allies) CHARLES_DARWIN: just need lumber really
(01:34 / 7) whos.the.ling: do we have a plan?
(01:37 / Allies) Huge.Testicles: okay
(01:38 / 8) First_Day_Out: mass towers i dunno
(03:48 / All) Jewcirclejerk: Green you're a sick individual
(07:13 / All) Jewcirclejerk: I know it's hard bein a pro
(07:39 / All) Huge.Testicles: lol
(07:49 / Allies) Huge.Testicles: they're going to hit me
(08:11 / Allies) Jewcirclejerk: omw
(08:14 / Allies) Huge.Testicles: ty
(09:18 / Allies) Huge.Testicles: you gettin close with the chims?
(09:22 / Allies) CHARLES_DARWIN: yes
(09:32 / 8) First_Day_Out: i got my 35 peons asap
(09:43 / 8) First_Day_Out: so i wouldnt get wood'ed
(09:50 / All) Huge.Testicles: lol
(10:23 / Allies) Huge.Testicles: my base
(12:28 / 8) First_Day_Out: who is the orc feeding
(12:41 / 7) whos.the.ling: darwin i think
(13:38 / 7) whos.the.ling: fuck off of me
(14:18 / Allies) CHARLES_DARWIN: blue
(14:32 / 8) First_Day_Out: look at this babysitter
(14:33 / Allies) Jewcirclejerk: ill tp if they hit you
(14:47 / Allies) Huge.Testicles: I need to heal
(15:01 / Allies) Jewcirclejerk: just back up
(16:02 / Allies) CHARLES_DARWIN: 20 gold plz
(16:05 / All) First_Day_Out: keep defending the xp tome
(16:56 / Allies) Huge.Testicles: hit there
(17:01 / 8) First_Day_Out: who just pinged
(17:02 / 8) First_Day_Out: my expo
(17:10 / Allies) Huge.Testicles: they've been trying to expo
(17:18 / 7) whos.the.ling: testicles
(17:20 / 8) First_Day_Out: your team has a hacker fan
(17:24 / Allies) Huge.Testicles: I killed it twice already
(17:48 / All) Lordsonny: my base for yours ok
(17:52 / All) CHARLES_DARWIN: k
(17:54 / All) Huge.Testicles: lol
(18:02 / All) Jewcirclejerk: Well its eviction time
(18:27 / Allies) Jewcirclejerk: jesus christ red
(18:33 / Allies) CHARLES_DARWIN: lol
(18:57 / Allies) Huge.Testicles: hahahaha
(20:55 / All) First_Day_Out: NICE BASE BLUE
(20:58 / All) First_Day_Out: GOOD LUCK ON THE REBUILD
(20:59 / All) Jewcirclejerk: My only regret is you haven't met red yet
(21:03 / All) CHARLES_DARWIN: rofl
(21:18 / Allies) Huge.Testicles: blue help purp
(21:30 / All) Lordsonny: oh we see him
(21:31 / Allies) CHARLES_DARWIN: damnnn
(21:32 / Allies) Jewcirclejerk: come to mid purple
(21:34 / Allies) CHARLES_DARWIN: there go my chims
(21:43 / Allies) CHARLES_DARWIN: fuck
(21:49 / All) CHARLES_DARWIN: ROFL
(22:04 / All) Huge.Testicles: ohnooooo
(22:07 / All) First_Day_Out: you gonna summon that turd back?>
(22:25 / Allies) CHARLES_DARWIN: yeah i think we're about done
(22:42 / Allies) CHARLES_DARWIN: its nice that red has 9000 gold and all
(22:50 / Allies) CHARLES_DARWIN: and 6 million towers
(22:50 / Allies) Jewcirclejerk: and over 90000 towers
(22:55 / Allies) CHARLES_DARWIN: but i doubt we win off that
(23:02 / Allies) CHARLES_DARWIN: wow
(23:06 / Allies) CHARLES_DARWIN: unless they just suicide like that
(23:14 / All) Lordsonny: so green built nothing and red massed towers lol
(23:16 / Allies) Huge.Testicles: teal has a buttload of chims still
(23:25 / Allies) CHARLES_DARWIN: yeah
(23:28 / Allies) CHARLES_DARWIN: we're fucked probably
(23:33 / Allies) CHARLES_DARWIN: less he runs carelessly into the towers
(23:36 / Allies) CHARLES_DARWIN: and we web them
(23:38 / 8) First_Day_Out: can you kill my ally's armies
(23:39 / 8) First_Day_Out: or should i
(23:46 / Allies) Huge.Testicles: blue stay by towers
(23:49 / Allies) Huge.Testicles: web could do it
(24:32 / Allies) CHARLES_DARWIN: yo red
(24:37 / Allies) CHARLES_DARWIN: wanna throw me like 500 gold or something
(24:41 / Allies) CHARLES_DARWIN: so i can buy some items
(24:45 / Allies) CHARLES_DARWIN: think you could spare a bit bro
(24:48 / Allies) CHARLES_DARWIN: think you have enough?
(24:54 / Allies) CHARLES_DARWIN: thanks green
(25:16 / Allies) Huge.Testicles: done go purp
(25:16 / Allies) Jewcirclejerk: lol look at red playing them like a boss
(25:17 / 8) First_Day_Out: what is that undead doing
(25:24 / 8) First_Day_Out: he could own those chims3
(26:44 / Allies) CHARLES_DARWIN: blue man
(26:47 / Allies) CHARLES_DARWIN: you gotta get out here
(26:48 / Allies) CHARLES_DARWIN: make moves
(26:56 / Allies) Jewcirclejerk: lol but its a scurry out there!
(27:22 / Allies) Huge.Testicles: blue you could take pink out
(27:30 / Allies) Huge.Testicles: he doesn't have shit left but like 5 hippo riders
(27:35 / Allies) Huge.Testicles: keep an eye out
(27:52 / Allies) Huge.Testicles: nice
(28:15 / 8) First_Day_Out: kill the top middle mine
(28:17 / 8) First_Day_Out: its his only thing
(28:23 / 8) First_Day_Out: hes 21/10 food
(28:28 / Allies) CHARLES_DARWIN: these guys suck
(28:34 / 8) First_Day_Out: i have 3 staffreeze
(28:34 / Allies) CHARLES_DARWIN: why the fuck doesnt orange build tanks
(28:35 / 8) First_Day_Out: get his hero at least
(28:38 / Allies) Huge.Testicles: I know
(28:41 / 8) First_Day_Out: pinks
(28:41 / Allies) Huge.Testicles: total retards
(28:58 / Allies) Jewcirclejerk: tauren rape... lol
(29:07 / Allies) CHARLES_DARWIN: really lol...
(29:23 / Allies) Huge.Testicles: chims
(29:25 / Allies) Jewcirclejerk: its like.. red... has a tower fetish
(29:26 / Allies) CHARLES_DARWIN: such a sickening amount of towers
(29:33 / Allies) CHARLES_DARWIN: LOL
(29:34 / Allies) CHARLES_DARWIN: demos...
(30:31 / Allies) Jewcirclejerk: back up a little purp
(30:33 / Allies) Huge.Testicles: gotta play to win
(30:45 / Allies) CHARLES_DARWIN: rofl
(31:22 / All) First_Day_Out: whinny
(31:22 / Allies) Huge.Testicles: damn
(31:24 / Allies) CHARLES_DARWIN: FUCKKK
(31:28 / Allies) CHARLES_DARWIN: b
(32:00 / Allies) Huge.Testicles: kill the demos red
(32:13 / Allies) Jewcirclejerk: guess imma just... take a nap.... lol
(32:40 / Allies) Huge.Testicles: red you gotta do something fancy
(33:31 / Allies) CHARLES_DARWIN: this is painful
(33:43 / Allies) Jewcirclejerk: omg he has three heros now!
(33:43 / Allies) CHARLES_DARWIN: lol..
(33:52 / Allies) Jewcirclejerk: and a sanctum!
(33:57 / All) CHARLES_DARWIN: you guys are sad
(34:00 / 8) First_Day_Out: lol he asked me for gold so i gave him 3 gold
(34:03 / 8) First_Day_Out: and he said "really?"
(34:59 / All) Huge.Testicles: lol
(35:21 / 8) First_Day_Out: some pretty lousy staffreezes tehre
(36:03 / All) CHARLES_DARWIN: wow
(36:04 / All) CHARLES_DARWIN: sad
(36:23 / All) First_Day_Out: charles darwin went to hell
(36:25 / Allies) Huge.Testicles: lol red are you planning anything
(36:28 / All) CHARLES_DARWIN: lol
(36:33 / Allies) CHARLES_DARWIN: of course he isnt
(36:38 / Allies) CHARLES_DARWIN: im probably gonna exit real soon
(36:43 / Allies) CHARLES_DARWIN: dragon hawks eh
(37:19 / 8) First_Day_Out: im gonna send my air above ur base
(37:21 / 8) First_Day_Out: ur mid base
(37:22 / 8) First_Day_Out: web it all
(37:23 / 8) First_Day_Out: for xp
(37:28 / Allies) Jewcirclejerk: red has it figured out guys.... just look at him
(37:32 / 8) First_Day_Out: get your hammer man there
(37:42 / Allies) Huge.Testicles: okay... I'm looking....
(37:43 / Allies) Huge.Testicles: hahaha
(37:44 / Allies) Jewcirclejerk: I wish he'd amasss tanks..
(37:45 / Allies) CHARLES_DARWIN: 11k gold
(38:22 / Allies) Huge.Testicles: purple don't go
(38:51 / 8) First_Day_Out: your wood peasants on left
(38:52 / Allies) Jewcirclejerk: red just needed to test us first
(38:53 / Allies) Huge.Testicles: all their bases are towered for sure
(38:56 / 8) First_Day_Out: about to get air'ed
(39:41 / 8) First_Day_Out: did you cancel lal your webbs
(39:49 / Allies) CHARLES_DARWIN: fuck
(39:59 / Allies) Huge.Testicles: purp
(40:08 / Allies) Huge.Testicles: piss him off haha
(40:17 / Allies) Jewcirclejerk: build more towers red... you don't have enough
(40:22 / Allies) CHARLES_DARWIN: honestly
(40:23 / Allies) CHARLES_DARWIN: quit slacking
(40:30 / Allies) Jewcirclejerk: until the whole map is red... do not stop./
(40:45 / Allies) Huge.Testicles: mana burn
(42:33 / All) Jewcirclejerk: Oh goddamn red got SERIOUD
(43:19 / Allies) Huge.Testicles: lol
(43:24 / All) CHARLES_DARWIN: shit's crazy out hurr
(43:32 / Allies) Huge.Testicles: more towers there red
(43:35 / Allies) Huge.Testicles: oh nvm
(43:46 / Allies) CHARLES_DARWIN: he's under 10k gold
(43:47 / Allies) CHARLES_DARWIN: gotta conserve
(43:54 / Allies) Huge.Testicles: true ture
(44:20 / Allies) Huge.Testicles: purp
(44:26 / 8) First_Day_Out: that hacker is pinging
(44:27 / 8) First_Day_Out: isnt he
(44:42 / Allies) Huge.Testicles: look
(45:07 / Allies) Jewcirclejerk: s
(45:18 / All) Jewcirclejerk: Sooner or later.. the gold.. it will run out... except red...
(45:27 / All) First_Day_Out: how much does he have
(45:29 / All) Lordsonny: oj has more gold mies
(45:33 / All) Jewcirclejerk: 20k
(45:39 / All) First_Day_Out: join the club
(45:40 / All) Lordsonny: oj too
(45:51 / All) Lordsonny: he has done the same thing red has
(45:52 / All) Jewcirclejerk: Sweet, glad we got the chance to share this special moment
(46:16 / All) Lordsonny: only thing is ojs not making units
(46:23 / 8) First_Day_Out: you should make 1 priest
(46:26 / 8) First_Day_Out: in teh middle of yoru fort
(46:31 / All) CHARLES_DARWIN: lol
(46:33 / All) CHARLES_DARWIN: ok
(46:35 / All) CHARLES_DARWIN: that's it for me
(46:36 / 8) First_Day_Out: 2 late
(46:44 / All) CHARLES_DARWIN: gg kids
(46:45 / All) CHARLES_DARWIN: red
(46:48 / All) CHARLES_DARWIN: that was kinda funny
(46:49 / All) CHARLES_DARWIN: but also
(46:52 / All) CHARLES_DARWIN: you're a bitch
(46:54 / All) Huge.Testicles: hahah
(46:59 / All) CHARLES_DARWIN: aiite peace
(47:08 / All) First_Day_Out: hacker down
(50:32 / 8) First_Day_Out: lol
(50:36 / 8) First_Day_Out: 3 noobelf ults silenced
(51:31 / All) Lordsonny: so now what?
(51:40 / All) First_Day_Out: red
(51:45 / All) First_Day_Out: i would like to negotiate a truce
(51:49 / All) First_Day_Out: seeing as how we are both humans
(51:51 / All) Jewcirclejerk: FUck your truce....
(51:58 / All) whos.the.ling: name your terms
(52:00 / All) Jewcirclejerk: he is my teamate, he would never side with you
(52:06 / All) First_Day_Out: no attacking the enemy buildings
(52:09 / All) First_Day_Out: is the onyl term
(52:14 / All) First_Day_Out: let our civilians live in peace
(52:19 / All) First_Day_Out: while our warriors do battle at will
(52:34 / All) First_Day_Out: do you agree?
(52:43 / All) whos.the.ling: i agree
(52:52 / All) First_Day_Out: let the age of peacecraft begin
(53:05 / All) Lordsonny: you both are bitches and are wasting everyone times
(55:03 / 7) whos.the.ling: if you want some xp i can feed you these hawks
(55:10 / 7) whos.the.ling: theyre pretty much worthless without any enemy air
(55:39 / All) hongmylaoto: seee guys
(56:06 / All) Lordsonny: i bet they are gay lovers
(56:14 / All) Lordsonny: and are sitting next to each other
(56:58 / 8) First_Day_Out: "its not going to matter red can see what youre doing"
(57:24 / 8) First_Day_Out: im out of freezes
(58:18 / 8) First_Day_Out: look bottom right
(58:21 / 8) First_Day_Out: lumber frenzy lol
(59:28 / 8) First_Day_Out: kill that aviary
(59:48 / All) Jewcirclejerk: Will it ever end?
(60:30 / All) Lordsonny: o well
(60:33 / All) Lordsonny: afk
(60:57 / All) bhudasak: gg
(61:05 / All) bhudasak: fuck oj
(61:13 / All) bhudasak: fuck him and his mom
(62:48 / 7) whos.the.ling: yellow has 3 bats he outright forgot
(63:01 / 8) First_Day_Out: he probably would have been willing to use those if you hawked his main
(63:34 / 7) whos.the.ling: i wish i had a speed scroll
(63:57 / 8) First_Day_Out: i ruined our orcs shop
(63:59 / 8) First_Day_Out: woops
(64:28 / 7) whos.the.ling: if he waits long enough im gong to invis air on his potm
(64:42 / 8) First_Day_Out: youll need more air
(64:47 / 8) First_Day_Out: should i give you tp scrolls
(64:48 / 8) First_Day_Out: or soemthing
(64:54 / 8) First_Day_Out: to sell
(64:55 / 7) whos.the.ling: what for
(64:57 / 7) whos.the.ling: nah
(65:04 / 8) First_Day_Out: get pinks tree
(65:08 / 8) First_Day_Out: its heading to yoru towers to suicide
(65:13 / 7) whos.the.ling: i thought we were on truce
(65:18 / 8) First_Day_Out: oh yeah
(65:20 / 8) First_Day_Out: nvm
(65:26 / All) First_Day_Out: pink that is a building
(65:28 / All) First_Day_Out: dont go near his towers
(65:30 / All) First_Day_Out: we have a building truce
(65:33 / 8) First_Day_Out: spam stop
(65:35 / 8) First_Day_Out: on those towers
(65:40 / All) First_Day_Out: RED STOP ATTACKING PINKS BUILDLING
(65:53 / All) First_Day_Out: RED BROKE THE TRUCE
(65:58 / All) whos.the.ling: i couldnt help it
(66:00 / All) Lordsonny: now what are you going to do oj?
(66:12 / All) First_Day_Out: 5 towers is worth an elf main
(66:13 / All) First_Day_Out: we are even
(66:57 / 7) whos.the.ling: oh youre rich
(67:00 / 8) First_Day_Out: yea
(67:05 / 7) whos.the.ling: then again you were on the winning team
(67:13 / 8) First_Day_Out: yea i just quit playing and mined
(67:39 / 8) First_Day_Out: how many heros do u have
(67:48 / 7) whos.the.ling: 3 one dead
(67:52 / 8) First_Day_Out: oh
(67:56 / 8) First_Day_Out: so no transmute
(68:07 / 7) whos.the.ling: this own scout needs to fuck off
(68:49 / 8) First_Day_Out: lol i staffroze his wisps
(68:52 / 8) First_Day_Out: as he tried to det on me
(68:52 / 7) whos.the.ling: let me know when owl scout vision is gone so i can go
(68:57 / 7) whos.the.ling: it stays after it dies for a bit
(68:58 / 8) First_Day_Out: ill go harass teal
(68:59 / 8) First_Day_Out: its gone
(69:00 / 8) First_Day_Out: now
(69:03 / 8) First_Day_Out: run left
(69:10 / 7) whos.the.ling: going invisi
(69:15 / 8) First_Day_Out: k ill distract
(69:38 / 7) whos.the.ling: go away
(69:42 / 7) whos.the.ling: youre gonna ruing the whole thing
(69:46 / 8) First_Day_Out: k
(70:35 / 7) whos.the.ling: raped
(70:41 / 7) whos.the.ling: is he saying anything
(70:45 / 8) First_Day_Out: no
(71:09 / 8) First_Day_Out: you shoul supply block teal
(71:13 / 8) First_Day_Out: so i can give him 10k
(71:59 / All) Jewcirclejerk: So they've turned against you yellow?
(72:05 / 8) First_Day_Out: i gave yellow 4000
(72:16 / All) bhudasak: u just noticed
(72:17 / All) Lordsonny: oj has been killing us from the begining
(72:45 / All) Lordsonny: i think its a bitch complex
(72:53 / All) First_Day_Out: whats that
(72:59 / All) Lordsonny: he kows he is a bitch
(73:13 / All) Lordsonny: or maybe his dad beat him as a child
(73:34 / All) Lordsonny: plus i think him and red are in the same room and are jacking each other off
(73:35 / All) Jewcirclejerk: lol weird
(73:47 / 7) whos.the.ling: fight with ur peon
(73:58 / All) Lordsonny: cause right before red attacked teal oj killed most the towers
(74:05 / 8) First_Day_Out: moving parts teal
(74:26 / All) Lordsonny: you know so the homo treaty wont be broken
(74:40 / All) Lordsonny: and now peons are fighting
(74:43 / All) Jewcirclejerk: lol think maybe they got their dicks stuck in a chinese finger trap?
(74:57 / All) Lordsonny: maybe or its stuck in oj mouth
(75:05 / All) Lordsonny: thanks for the gold oj
(75:10 / All) Lordsonny: you killed all my shit
(75:15 / All) Lordsonny: what do i do with it
(75:23 / All) Lordsonny: shove it up my ass
(75:33 / All) First_Day_Out: you could always give it back to me
(75:38 / All) First_Day_Out: like when you give the apple back to god
(75:42 / All) First_Day_Out: aka father dan
(75:55 / All) Lordsonny: yeah ok homo dick smoker
(75:56 / All) bhudasak: fuck your god oj
(76:21 / All) bhudasak: im fuck ing broke
(77:21 / 7) whos.the.ling: the grand chase begins
(77:27 / 8) First_Day_Out: ivnis it
(77:28 / 8) First_Day_Out: invis it
(77:33 / 8) First_Day_Out: then get right next to it
(77:38 / 7) whos.the.ling: k
(77:42 / 7) whos.the.ling: dont kill it
(78:09 / All) Lordsonny: see
(78:28 / All) Lordsonny: only reason red knew it was there cause ojs dick was in his mouth
(78:54 / 7) whos.the.ling: stop that
(79:00 / 7) whos.the.ling: fight these milz
(79:34 / 8) First_Day_Out: i have 0 gold
(79:34 / 8) First_Day_Out: fyi
(80:10 / All) Jewcirclejerk: I don't understand it anymore..
(80:18 / All) Lordsonny: they are fags
(80:24 / All) Lordsonny: this is what they do
(80:34 / All) Lordsonny: they put cocks in there mouths
(81:39 / 7) whos.the.ling: someones moving teals stuff
(81:43 / 8) First_Day_Out: me
(82:31 / 7) whos.the.ling: bring me something to polymorph
(82:39 / 8) First_Day_Out: no gold
(82:59 / 8) First_Day_Out: making a peon
(83:02 / 8) First_Day_Out: at my leftmost main
(83:05 / 8) First_Day_Out: i had some gold afte rall
(83:23 / 7) whos.the.ling: is that you dota denying those trees
(83:25 / 8) First_Day_Out: m,y ally is makign them tk
(85:10 / 7) whos.the.ling: 220 for polymorph
(85:13 / 7) whos.the.ling: you cant even do 2 per sorc
(85:22 / 8) First_Day_Out: leave those peons alive
(85:24 / 7) whos.the.ling: then again it is pretty strong
(85:25 / 8) First_Day_Out: ill parts myself and leave
(85:46 / 7) whos.the.ling: i got a phoenix
(86:45 / 7) whos.the.ling: look at this phoenix trying to turn around
(87:09 / 7) whos.the.ling: u c?
(87:13 / 8) First_Day_Out: yea
(87:16 / 8) First_Day_Out: im gonna suicide and leave now
(87:19 / 8) First_Day_Out: keep polymorphing those peons
(90:59 / Allies) whos.the.ling: i afk u control
(97:04 / All) Jewcirclejerk: So pink...
(97:09 / All) Lordsonny: ?
(97:15 / All) Jewcirclejerk: This.. sucks huh
(97:23 / All) Lordsonny: yeah pretty bad bro
(98:31 / 7) whos.the.ling: after massing a whole number of morts he went to attack
(108:43 / 4) whos.the.ling: i gave everything i had to blue
(108:50 / All) Jewcirclejerk: Sighhh
(108:53 / 4) whos.the.ling: all 300 gold
(110:02 / All) Jewcirclejerk: |
(110:13 / All) Jewcirclejerk: looks like his two heros, and a peon vs you...
(116:01 / All) Lordsonny: i dont even care
(116:03 / All) Lordsonny: gg
(116:11 / All) Lordsonny: not you red your a bitch
(116:20 / All) whos.the.ling: you had 10k
(116:24 / All) whos.the.ling: and i had no gold
(116:29 / All) whos.the.ling: and gave my ally control
(116:30 / All) whos.the.ling: and went afk
(116:36 / All) Lordsonny: fuck you
(116:38 / All) whos.the.ling: and you were both so clumsy you couldnt handle killing towers
(116:42 / All) Lordsonny: you a bitch eaither way
(116:49 / All) whos.the.ling: you lost 10k of shit to 2 heros controlled by a guy who lost all his air to towers
(116:51 / All) whos.the.ling: when he had cloud
(117:02 / All) whos.the.ling: go play animal crossing or tetris
(117:12 / All) whos.the.ling: im sure it will be more than a challenge for you
(117:21 / All) Lordsonny: im talking about the fact of this nub long ass game
(117:29 / All) whos.the.ling: lost 10k to 2 heros
(117:35 / All) whos.the.ling: controlled by a grade schooler
(118:32 / All) whos.the.ling: if you had massed knights and attack moved into the towers the game would be over by now
(118:39 / All) whos.the.ling: but you kept making shitty morts because you think they counter towers
(118:51 / All) Lordsonny: nope